 Dungeon Crawl Stone Soup version 0.30-a0-760-g5a9884bb7c (webtiles) character file.

Game seed: 17172849762448656426

130837 browni3141 the Cloud Mage (level 17, -18/97 HPs)
             Began as a Tengu Hedge Wizard on Feb 11, 2023.
             Was a Priest of Uskayaw.
             Killed from afar by a deep elf annihilator (39 damage)
             ... with a crystal spear
             ... on level 1 of the Elven Halls.
             The game lasted 03:41:10 (42315 turns).

browni3141 the Cloud Mage (Tengu Hedge Wizard)     Turns: 42315, Time: 03:41:10

Health: -18/97     AC: 13    Str: 13 (15) XL:     17   Next: 8%
Magic:  0/32       EV: 14    Int: 22 (26) God:    Uskayaw [***...]
Gold:   1462       SH:  5    Dex: 18      Spells: 5/36 levels left

rFire   + . .      SeeInvis .    b - +2 dagger (elec)
rCold   + . .      Faith    +    r - +0 buckler
rNeg    . . .      Spirit   .    i - +4 robe of Augmentation {Str+4 Int+4 Dex+4}
rPois   +          Reflect  .    Z - +0 hat of Parlour Games {+Inv rF+}
rElec   +          Harm     .    A - +1 cloak
rCorr   .          Rampage  .    U - +0 pair of gloves
Will    +....                    (boots unavailable)
Stlth   +++++                    s - amulet of Hugus {Faith rElec rPois Regen+ Slay-2}
HPRegen 1.16/turn                E - +4 ring of protection
MPRegen 0.23/turn                M - ring of protection from cold

@: flying quickly and evasively, hasted and slowed, studying Air Magic, quick
A: beak, talons 3, nimble flight
a: Renounce Religion, Evoke Invisibility, Stomp, Line Pass


You were on level 1 of the Elven Halls.
You worshipped Uskayaw.
Uskayaw was pleased with you.
You visited 7 branches of the dungeon, and saw 28 of its levels.
You also visited: Ice Cave.

You collected 3101 gold pieces.
You spent 1639 gold pieces at shops.

Inventory:

Hand Weapons
 a - a +2 dagger of venom
 b - a +2 dagger of electrocution (weapon)
 Y - the +4 whip of the Incandescent {heavy, rElec Str-4 Int+4 Dex+4}
   (You found it on level 1 of the Lair of Beasts)

   Str:       It affects your strength (-4).
   Int:       It affects your intelligence (+4).
   Dex:       It affects your dexterity (+4).
   rElec:     It insulates you from electricity.
Missiles
 p - 3 throwing nets
Armour
 i - the +4 robe of Augmentation (worn) {Str+4 Int+4 Dex+4}
   (You found it on level 2 of the Dungeon)

   Str:       It affects your strength (+4).
   Int:       It affects your intelligence (+4).
   Dex:       It affects your dexterity (+4).
 r - a +0 buckler (worn)
 A - a +1 cloak (worn)
 U - a +0 pair of gloves (worn)
 Z - the +0 hat of Parlour Games (worn) {+Inv rF+}
   (You found it on level 1 of the Lair of Beasts)

   rF:        It protects you from fire.
   +Inv:      It lets you turn invisible.
Jewellery
 s - the amulet of Hugus (around neck) {Faith rElec rPois Regen+ Slay-2}
   (You found it on level 1 of the Lair of Beasts)

   [amulet of faith]

   It allows you to gain divine favour quickly.
   Slay:      It affects your accuracy & damage with ranged weapons and melee
   (-2).
   rElec:     It insulates you from electricity.
   rPois:     It protects you from poison.
   Regen:     It increases your rate of health regeneration.
 C - a +4 ring of protection
 E - a +4 ring of protection (left hand)
 F - a ring of ice
 J - a ring of magical power
 M - a ring of protection from cold (right hand)
 P - a ring of ice
 S - a ring of poison resistance
 T - an amulet of reflection
 V - a ring of wizardry
Wands
 y - a wand of flame (10)
 N - a wand of mindburst (4)
 O - a wand of polymorph (1)
Scrolls
 e - a scroll of poison
 h - 9 scrolls of enchant weapon
 k - a scroll of torment
 l - 6 scrolls of teleportation
 m - 7 scrolls of fog
 o - 2 scrolls of vulnerability
 q - 2 scrolls of brand weapon
 w - a scroll of silence
 x - 2 scrolls of blinking
 z - 2 scrolls of amnesia
 B - 2 scrolls of immolation
 K - 3 scrolls of noise
 W - a scroll of magic mapping
 X - 11 scrolls of identify
Potions
 c - a potion of brilliance
 d - a potion of magic
 f - 2 potions of heal wounds
 g - 3 potions of cancellation
 j - 5 potions of degeneration
 n - 3 potions of mutation
 t - 3 potions of might
 u - 10 potions of curing
 v - 4 potions of attraction
 D - 2 potions of lignification
 G - 2 potions of berserk rage
 H - 3 potions of haste
 I - 4 potions of resistance
 L - 3 potions of flight
 Q - a potion of invisibility
Miscellaneous
 R - a box of beasts


   Skills:
 - Level 8.0 Fighting
 - Level 8.0 Short Blades
 - Level 2.1 Dodging
 - Level 10.0 Stealth
 * Level 3.3 Shields
 - Level 10.0 Spellcasting
 - Level 12.0 Conjurations
 - Level 1.0 Hexes
 - Level 3.0 Summonings
 - Level 1.0 Translocations
 - Level 21.1 Air Magic
 - Level 1.0 Poison Magic
 * Level 14.5 Invocations
 - Level 4.0 Evocations


You had 5 spell levels left.
You knew the following spells:

 Your Spells              Type           Power      Damage    Failure   Level
a - Magic Dart            Conj           100%       1d8       1%          1
b - Slow                  Hex            60%        N/A       5%          1
c - Call Imp              Summ           24%        N/A       3%          2
d - Blink                 Tloc           30%        N/A       8%          2
e - Mephitic Cloud        Conj/Pois/Air  57%        N/A       1%          3
f - Hailstorm             Conj/Ice       37%        3d9       1%          3
g - Stone Arrow           Conj/Erth      74%        3d11      1%          3
h - Vhi's Electric Charg  Tloc/Air       100%       N/A       1%          3
i - Lightning Bolt        Conj/Air       35%        1d53      1%          5
j - Swiftness             Air            81%        N/A       0%          3
k - Arcjolt               Conj/Air       35%        1d45      1%          5

Your spell library contained the following spells:

 Spells                   Type           Power      Damage    Failure   Level
 Static Discharge         Conj/Air       100%       2-7/arc   0%          2
 Cigotuvi's Dreadful Rot  Necr/Pois/Air  86%        N/A       1%          2
 Poisonous Vapours        Pois/Air       100%       N/A       1%          2
 Summon Small Mammal      Summ           96%        N/A       2%          1
 Sting                    Tmut/Pois      52%        1d5       6%          1
 Call Canine Familiar     Summ           24%        N/A       7%          3
 Freeze                   Ice            44%        1d6       8%          1
 Sandblast                Erth           22%        2d7       8%          1
 Ensorcelled Hibernation  Hex/Ice        26%        N/A       10%         2
 Summon Guardian Golem    Hex/Summ       19%        N/A       11%         3
 Passwall                 Tmut/Erth      9%         N/A       12%         2
 Gell's Gravitas          Tloc           15%        N/A       16%         3
 Teleport Other           Tloc           15%        N/A       16%         3
 Inner Flame              Hex/Fire       13%        N/A       19%         3
 Frozen Ramparts          Ice            22%        1d4       24%         3
 Ozocubu's Armour         Ice            11%        N/A       24%         3
 Summon Ice Beast         Ice/Summ       17%        N/A       38%         4
 Cause Fear               Hex            7%         N/A       45%         4
 Olgreb's Toxic Radiance  Pois           15%        N/A       45%         4
 Ice Form                 Ice/Tmut       11%        N/A       61%         4
 Alistair's Intoxication  Tmut/Pois      8%         N/A       87%         5
 Borgnjor's Vile Clutch   Necr/Erth      5%         N/A       91%         5
 Dispersal                Tloc           7%         N/A       100%        6
 Eringya's Noxious Bog    Tmut/Pois      6%         N/A       100%        6
 Malign Gateway           Summ/Tloc      9%         N/A       100%        7
 Ozocubu's Refrigeration  Ice            5%         4d8       100%        7
 Discord                  Hex            7%         N/A       100%        8
 Summon Horrible Things   Summ           12%        N/A       100%        8


Dungeon Overview and Level Annotations

Branches:
Dungeon (15/15)            Temple (1/1) D:7            Lair (5/5) D:8
  Swamp (1/4) Lair:2       Spider (3/4) Lair:3        Slime (0/5) Lair:4
    Orc (2/2) D:11            Elf (1/3) Orc:2        Depths (0/4) D:15
  IceCv (visited)
 Vaults: D:13-14

Altars:
Ashenzari
Cheibriados
Dithmenos
Elyvilon
Fedhas
Gozag
Hepliaklqana
Kikubaaqudgha
Makhleb
Nemelex Xobeh
Okawaru
Qazlal
Ru
Sif Muna
Trog
Uskayaw
Vehumet
Wu Jian
Xom
Yredelemnul
Zin
The Shining One
Jiyva

Shops:
D:5 ?[(:?   D:7 ?   D:9 *   D:12 !   Orc:1 [   Orc:2 :*[(*

Annotations:
D:9 Erolcha
D:13 2 transporters
D:14 exclusion: yaktaur, Roxanne
Lair:3 exclusion: upstairs


Innate Abilities, Weirdness & Mutations

You have a beak for a mouth.
You have claws for feet.
Your magical nature lets you fly swiftly and evasively.


Message History

The deep elf pyromancer mumbles some strange words.
The balrug gestures at you. Something smites you!
* * * LOW HITPOINT WARNING * * *
The deep elf demonologist gestures wildly while chanting.
The deep elf pyromancer closely misses you.
You can now pass through a line of other dancers.
Uskayaw will force your foes to helplessly watch your dance.
Uskayaw prepares the audience for your solo!
Unknown command.
You feel yourself speed up.
The fire elemental is no longer paralysed.
The fire elemental closely misses you. The fire elemental misses you.
Okay, then.
Unknown command.
Casting: Arcjolt (mildly dangerous; 1% risk of failure)
Confirm with . or Enter, or press ? or * to list all spells.
Electricity surges outward!
The fire elemental resists.
The fire elemental is lightly damaged.
You kill the balrug!
The balrug disappears in a puff of smoke!
You kill the deep elf pyromancer!
The shadow demon is heavily wounded.
The fire elemental resists.
The fire elemental is heavily damaged.
The deep elf archer is almost dead.
The deep elf zephyrmancer is severely wounded.
You kill the deep elf pyromancer!
The deep elf pyromancer's corpse dissolves into shadows!
The fire elemental disappears in a puff of smoke! x2
You kill the orange demon!
The orange demon disappears in a puff of smoke!
The deep elf demonologist is lightly wounded.
The ynoxinul resists.
The ynoxinul is lightly wounded.
The Brimstone Fiend is lightly wounded.
The shadow demon is no longer paralysed.
The Brimstone Fiend is no longer paralysed.
The deep elf annihilator gestures at you while chanting.
The crystal spear hits you!!!
You die...

.. ... ....
##############....
#........#......#
#.⌠.)....#.⌠....#
#...)e...#......#
#.))##..##...#
#..)#.@).#E..#
#...#§(§e#(..#
#.).#23§e#...#
#.).#..§.#...#
#)..#..e.#...#
#...##31##...#
#...#(.......#
#.<.#......⌠.#
#...#........#


You could see a Brimstone Fiend (summoned), a deep elf annihilator, a shadow
demon (summoned), a deep elf demonologist (paralysed), a deep elf archer (repels
missiles, paralysed, confused), a water elemental, a deep elf zephyrmancer
(summoned, paralysed), a sixfirhy (summoned, paralysed), a ynoxinul (summoned,
paralysed) and 2 dancing weapons.

Vanquished Creatures
  A shard shrike (IceCv)
  3 ghost moths
  A broodmother (Spider:1)
  2 orc warlords
  A white draconian (IceCv)
  A spark wasp (Spider:3)
  Snorg (Orc:2)
  A fire dragon (Lair:5)
  An entropy weaver (Spider:3)
  4 centaur warriors
  4 ironbound frosthearts (IceCv)
  5 hydras
  Erica (D:10)
  4 catoblepae
  A radroach (Spider:2)
  7 boulder beetles
  5 two-headed ogres
  5 orc high priests
  Amaemon (Lair:1)
  A glowing orange brain (D:15)
  7 pharaoh ants
  A deep troll (D:14)
  A deep elf archer (D:14)
  2 orb spiders
  A swamp dragon (Lair:5)
  6 deep elf pyromancers
  A lindwurm (Lair:1)
  16 ugly things
  4 orc knights
  6 orc sorcerers
  3 deep elf zephyrmancers
  9 wolf spiders
  A will-o-the-wisp (Lair:2)
  10 elephants
  8 cyclopes
  2 manticores
  5 black mambas
  9 cane toads
  4 torpor snails
  7 demonic crawlers
  An orange demon (Lair:1)
  3 gargoyles
  2 unseen horrors
  2 komodo dragons
  27 rime drakes
  An efreet (D:13)
  2 yaktaurs
  4 kobold demonologists
  A tengu conjurer (D:14)
  3 meliai (Spider:3)
  19 polar bears
  18 tarantellas
  7 trolls
  4 dream sheep (Lair:5)
  8 blink frogs
  10 jumping spiders
  10 culicivoras
  6 slime creatures
  A centaur simulacrum (D:14)
  4 fire bats (Lair:2)
  A shadow (D:13)
  4 wyverns
  55 yaks
  A vampire (D:13)
  A yak (shapeshifter) (D:15)
  6 wraiths
  6 basilisks
  39 redbacks
  3 steam dragons
  11 vampire mosquitoes
  3 acid dragons
  3 wargs
  7 water moccasins
  An ice beast (D:4)
  33 orc warriors
  2 swamp drakes (Lair:5)
  A sky beast (D:7)
  3 black bears
  2 ogres (Orc:2)
  6 boggarts
  An ogre (shapeshifter) (D:13)
  15 wolves
  12 centaurs
  2 kobold brigands
  7 bullfrogs
  3 scorpions
  15 killer bees
  A howler monkey (D:12)
  2 lava snakes (Lair:1)
  A vampire bat (D:9)
  4 electric eels (Lair:1)
  26 orc priests
  3 jellies (D:5)
  2 hounds
  26 orc wizards
  11 iguanas
  8 adders
  4 gnolls
  2 shadow imps
  A white imp (D:6)
  An ufetubus (D:4)
  4 worms
  4 dart slugs
  127 orcs
  12 bats
  12 endoplasms
  4 giant cockroaches
  6 goblins
  7 hobgoblins
  5 jackals
  11 kobolds
  A quokka (D:1)
  6 ball pythons
  3 frilled lizards
  3 rats
826 creatures vanquished.

Vanquished Creatures (collateral kills)
  A pharaoh ant (Spider:2)
  A cyclops (D:14)
  A moth of wrath (Spider:2)
  A cane toad (Lair:2)
  A troll (Orc:1)
  A tarantella (Spider:2)
  A jumping spider (Spider:2)
  6 orc warriors
  2 scorpions (D:6)
  An orc priest (Orc:1)
  A gnoll bouda (D:6)
  An iguana (D:6)
  3 gnolls
  An ufetubus (D:4)
  14 orcs
  A rat (D:3)
37 creatures vanquished.

Vanquished Creatures (others)
  A bush (Lair:5)
  12 foxfires (Lair:2)
  35 fungi
  73 plants
121 creatures vanquished.

Grand Total: 984 creatures vanquished

Notes
Turn   | Place    | Note
-------+----------+-------------------------------------------
     0 | D:1      | browni3141 the Tengu Hedge Wizard began the quest for the
                  | Orb.
     0 | D:1      | Reached XP level 1. HP: 10/10 MP: 5/5
     2 | D:1      | Learned a level 1 spell: Slow
   278 | D:1      | Reached XP level 2. HP: 15/15 MP: 5/7
   285 | D:1      | Learned a level 2 spell: Call Imp
   288 | D:1      | Learned a level 2 spell: Blink
   629 | D:1      | Reached skill level 1 in Fighting
  1149 | D:1      | Reached XP level 3. HP: 20/20 MP: 6/8
  1478 | D:2      | Found the +4 robe of Augmentation {Str+4 Int+4 Dex+4}
  1679 | D:2      | You fall into a shaft and drop 1 floor!
  1825 | D:3      | Reached XP level 4. HP: 23/26 MP: 2/9
  1989 | D:2      | Reached skill level 1 in Translocations
  3443 | D:3      | Learned a level 3 spell: Mephitic Cloud
  3851 | D:3      | Gained mutation: Your magical nature lets you fly swiftly
                  | and evasively. [Tengu growth]
  3851 | D:3      | Reached XP level 5. HP: 30/30 MP: 8/11
  3901 | D:3      | Reached skill level 1 in Hexes
  3986 | D:3      | Found a faded altar of an unknown god.
  4587 | D:3      | Found a faded altar of an unknown god.
  4635 | D:4      | Reached skill level 1 in Short Blades
  5163 | D:4      | Noticed an ice beast
  5173 | D:4      | Reached skill level 1 in Air Magic
  5357 | D:4      | Reached skill level 1 in Poison Magic
  5357 | D:4      | Reached XP level 6. HP: 35/35 MP: 9/13
  5419 | D:4      | Reached skill level 2 in Air Magic
  5604 | D:4      | Found a broken altar of Ashenzari.
  5730 | D:4      | Reached skill level 3 in Air Magic
  5801 | D:4      | Killed an ice beast
  5802 | D:4      | Reached skill level 4 in Air Magic
  6449 | D:5      | Entered Level 5 of the Dungeon
  6449 | D:5      | Noticed a black bear
  6449 | D:5      | Found Neimesoyqu's Book Boutique.
  6501 | D:5      | Found Vagiblat's Weapon Shoppe.
  6705 | D:5      | Reached skill level 5 in Air Magic
  6705 | D:5      | Reached XP level 7. HP: 40/40 MP: 6/14
  7172 | D:5      | Reached skill level 5 in Conjurations
  7329 | D:5      | Reached skill level 6 in Air Magic
  7458 | D:5      | Found Tiawowk's Magic Scroll Emporium.
  7461 | D:5      | Bought a scroll of fear for 60 gold pieces
  7461 | D:5      | Bought a scroll of identify for 30 gold pieces
  7461 | D:5      | Bought a scroll of identify for 30 gold pieces
  7461 | D:5      | Bought a scroll of identify for 30 gold pieces
  7578 | D:5      | Found Zyteusk's Magic Scroll Shoppe.
  7584 | D:5      | Bought a scroll of enchant armour for 90 gold pieces
  7592 | D:5      | Found Xaggosoqo's Antique Armour Shop.
  7901 | D:6      | Reached XP level 8. HP: 38/44 MP: 6/15
  8279 | D:6      | Reached skill level 7 in Air Magic
  9067 | D:7      | Reached skill level 1 in Evocations
  9484 | D:7      | Found Wajiliaxt's Magic Scroll Boutique.
  9484 | D:7      | Noticed a yak
  9538 | D:7      | Killed a yak
  9539 | D:7      | Reached skill level 8 in Air Magic
  9721 | D:7      | Found a staircase to the Ecumenical Temple.
  9736 | Temple   | Entered the Ecumenical Temple
  9811 | Temple   | Learned a level 3 spell: Hailstorm
  9815 | Temple   | Learned a level 3 spell: Stone Arrow
  9884 | D:7      | Found an opulent altar of Gozag.
  9994 | D:7      | Noticed a yak
  9995 | D:7      | Noticed a yak
 10013 | D:7      | Killed a yak
 10014 | D:7      | Reached XP level 9. HP: 52/52 MP: 1/16
 10665 | D:7      | Bought a scroll of identify for 24 gold pieces
 10665 | D:7      | Bought a scroll of identify for 24 gold pieces
 10665 | D:7      | Bought a scroll of identify for 24 gold pieces
 10665 | D:7      | Bought a scroll of identify for 24 gold pieces
 10665 | D:7      | Bought a scroll of identify for 24 gold pieces
 10690 | D:7      | Found Wajiliaxt's Magic Scroll Boutique.
 10713 | D:7      | Found a staircase to the Ecumenical Temple.
 10740 | D:7      | Found an opulent altar of Gozag.
 11209 | D:8      | Found a blossoming altar of Fedhas.
 11548 | D:8      | Found a staircase to the Lair.
 12006 | D:8      | Found a hazy altar of Hepliaklqana.
 12007 | D:8      | Found a shimmering altar of Xom.
 12008 | D:8      | Noticed a spectral ugly thing
 12055 | D:8      | Found a basalt altar of Yredelemnul.
 12056 | D:8      | Found a burning altar of Makhleb.
 12248 | D:9      | Noticed Erolcha
 12569 | D:9      | Reached skill level 9 in Air Magic
 12582 | D:9      | Reached skill level 5 in Spellcasting
 12614 | D:9      | Reached XP level 10. HP: 41/56 MP: 18/18
 12742 | D:9      | Found Puusaab's General Store.
 12816 | D:9      | Found a sparkling altar of Nemelex Xobeh.
 12859 | D:9      | Found a shadowy altar of Dithmenos.
 13469 | D:9      | Reached skill level 5 in Stealth
 13865 | D:10     | Entered Level 10 of the Dungeon
 13882 | D:10     | Noticed a two-headed ogre
 14031 | D:10     | Killed a two-headed ogre
 14032 | D:10     | Reached skill level 10 in Air Magic
 14247 | D:10     | Noticed a two-headed ogre
 14273 | D:10     | Noticed a two-headed ogre
 14274 | D:10     | Killed a two-headed ogre
 14275 | D:10     | Reached skill level 10 in Conjurations
 14423 | D:10     | Noticed Erica
 14492 | D:10     | Killed a two-headed ogre
 14493 | D:10     | Reached skill level 5 in Fighting
 14690 | D:10     | Killed Erica
 14691 | D:10     | Reached XP level 11. HP: 66/66 MP: 21/21
 15692 | D:10     | Found a radiant altar of Vehumet.
 15695 | D:10     | Found a glowing golden altar of the Shining One.
 15699 | D:10     | Found a hide-covered altar of Uskayaw.
 15703 | D:10     | Became a worshipper of Uskayaw the Reveller
 15817 | D:10     | Reached * piety under Uskayaw
 15821 | D:10     | Reached ** piety under Uskayaw
 15825 | D:10     | Reached *** piety under Uskayaw
 15848 | D:10     | Reached skill level 1 in Invocations
 16252 | D:10     | Reached **** piety under Uskayaw
 16263 | D:10     | Reached ***** piety under Uskayaw
 16431 | Lair:1   | Entered Level 1 of the Lair of Beasts
 16737 | Lair:2   | Reached skill level 5 in Invocations
 16839 | Lair:2   | Noticed a catoblepas
 17033 | Lair:2   | Killed a catoblepas
 17034 | Lair:2   | Reached XP level 12. HP: 59/73 MP: 15/22
 17946 | Lair:3   | Reached skill level 11 in Air Magic
 18130 | Lair:3   | Found a hole to the Spider Nest.
 18531 | Lair:3   | Reached skill level 12 in Air Magic
 19282 | D:5      | Bought a book of Lightning for 494 gold pieces
 19286 | D:5      | Learned a level 3 spell: Vhi's Electric Charge
 19292 | D:5      | Learned a level 5 spell: Lightning Bolt
 19563 | Lair:2   | Reached skill level 13 in Air Magic
 19943 | Lair:4   | Found a staircase to the Slime Pits.
 19947 | Lair:4   | Found a viscous altar of Jiyva.
 20092 | Lair:4   | Reached skill level 14 in Air Magic
 20149 | Lair:4   | Noticed a six-headed hydra
 20160 | Lair:4   | Killed a six-headed hydra
 20619 | Lair:5   | Entered Level 5 of the Lair of Beasts
 20619 | Lair:5   | Noticed a seven-headed hydra
 20627 | Lair:5   | Killed a seven-headed hydra
 20628 | Lair:5   | Reached skill level 15 in Air Magic
 20628 | Lair:5   | Reached XP level 13. HP: 78/78 MP: 10/23
 20960 | Lair:5   | Reached skill level 16 in Air Magic
 21507 | Lair:5   | Reached skill level 17 in Air Magic
 22207 | Lair:5   | Noticed a fire dragon
 22211 | Lair:5   | Killed a fire dragon
 22212 | Lair:5   | Reached skill level 18 in Air Magic
 23278 | Lair:2   | Found a staircase to the Swamp.
 23692 | Lair:1   | Reached skill level 19 in Air Magic
 23694 | Lair:1   | Noticed Amaemon
 23703 | Lair:1   | Killed Amaemon
 24261 | Lair:1   | Found a runed translucent door.
 24275 | Lair:1   | Identified the +4 whip of the Incandescent {heavy, rElec
                  | Str-4 Int+4 Dex+4}
 24278 | Lair:1   | Identified the +0 hat of Parlour Games {+Inv rF+}
 24294 | Lair:1   | Found a runed translucent gate.
 24294 | Lair:1   | Found a runed translucent gate.
 24294 | Lair:1   | Found a runed translucent gate.
 24294 | Lair:1   | Found a runed translucent gate.
 24294 | Lair:1   | Found a runed translucent gate.
 24295 | Lair:1   | Found a runed translucent gate.
 24375 | Lair:1   | Reached XP level 14. HP: 23/84 MP: 23/24
 24564 | Lair:1   | Reached skill level 20 in Air Magic
 24675 | Lair:1   | Identified the amulet of Hugus {Faith rElec rPois Regen+
                  | Slay-2}
 25179 | Lair:2   | Found a staircase to the Swamp.
 26278 | D:11     | Reached skill level 21 in Air Magic
 26479 | D:11     | Identified the +1 leather armour "Owiph" {rC+ rN+ Dex+4}
 26514 | D:11     | Reached ****** piety under Uskayaw
 26670 | D:11     | Found a staircase to the Orcish Mines.
 27795 | D:12     | Identified the +2 chain mail of Day {Rampage Int+3}
 27797 | D:12     | Found Qopi's Distillery.
 27846 | D:12     | Bought a potion of lignification for 42 gold pieces
 28467 | D:12     | Learned a level 3 spell: Swiftness
 28506 | Orc:1    | Entered Level 1 of the Orcish Mines
 28666 | Orc:2    | Entered Level 2 of the Orcish Mines
 29139 | Orc:2    | Noticed an orc warlord
 29267 | Orc:2    | Killed an orc warlord
 29268 | Orc:2    | Reached skill level 5 in Short Blades
 29328 | Orc:2    | Noticed Snorg
 29330 | Orc:2    | Killed Snorg
 29613 | Orc:2    | Found Tud Gyku's General Store.
 29644 | Orc:2    | Bought a potion of brilliance for 44 gold pieces
 29644 | Orc:2    | Bought a box of beasts for 440 gold pieces
 29727 | Orc:2    | Found Toaro's General Store.
 29728 | Orc:2    | Found Uvoapn's Book Shop.
 29730 | Orc:2    | Found Usozom's Antique Armour Shop.
 29730 | Orc:2    | Found Campoas's Antique Weapon Boutique.
 29834 | Orc:2    | Found a staircase to the Elven Halls.
 29916 | Orc:1    | Noticed an orc warlord
 29927 | Orc:1    | Reached XP level 15. HP: 70/88 MP: 24/27
 29931 | Orc:1    | Killed an orc warlord
 29932 | Orc:1    | Reached skill level 10 in Invocations
 30117 | Orc:1    | Found Yhotaobb's Antique Armour Boutique.
 30253 | Orc:1    | Bought a transparent robe for 131 gold pieces
 30253 | Orc:1    | Identified the +1 robe of Incorporation {Fly} (You bought
                  | it in a shop on level 1 of the Orcish Mines)
 31135 | D:13     | Found a transporter.
 31513 | D:13     | Found a transporter.
 31850 | D:14     | Noticed Roxanne
 32012 | D:14     | Found a frozen archway.
 32021 | IceCv    | Entered an ice cave
 32979 | IceCv    | Noticed a shard shrike
 33037 | IceCv    | Killed a shard shrike
 33505 | D:14     | Reached XP level 16. HP: 93/93 MP: 6/30
 33962 | D:14     | Found a glowing golden altar of the Shining One.
 33962 | D:14     | Found a white marble altar of Elyvilon.
 33962 | D:14     | Found a glowing silver altar of Zin.
 34260 | D:14     | Learned a level 5 spell: Arcjolt
 34557 | D:15     | Entered Level 15 of the Dungeon
 34572 | D:15     | Found an iron altar of Okawaru.
 34728 | D:15     | Reached skill level 10 in Spellcasting
 35008 | Swamp:1  | Entered Level 1 of the Swamp
 35126 | Spider:1 | Entered Level 1 of the Spider Nest
 35578 | Spider:1 | HP: 1/93 [demonic crawler (13)]
 37231 | Spider:2 | HP: 1/93 [cloud of flame (4)]
 38184 | Spider:1 | Reached skill level 10 in Stealth
 39194 | Spider:1 | HP: 4/93 [something (5)]
 40107 | D:12     | Bought a potion of heal wounds for 70 gold pieces
 41093 | D:9      | Bought a +0 buckler for 58 gold pieces
 41649 | D:15     | Reached skill level 1 in Shields
 41899 | D:15     | Found a staircase to the Depths.
 41904 | D:15     | Reached XP level 17. HP: 81/97 MP: 21/32
 42101 | Elf:1    | Entered Level 1 of the Elven Halls
 42314 | Elf:1    | Noticed a Brimstone Fiend
 42315 | Elf:1    | Killed from afar by a deep elf annihilator

Illustrated notes

Levels and vault maps discovered:
D:1:      minmay_arrival_wavy_path, layout_basic
D:2:      layout_basic
D:3:      layout_rooms, basic_ecumenical_altar
D:4:      cheibrodos_quashed, layout_layer_cave, ashenzari_altar_1,
          grunt_ministairs_4
D:5:      layout_rooms, serial_shops, nicolae_shop_behind_doors, shop,
          nicolae_stop_n_shop_1, nicolae_diamond_shop, nicolae_square_shop
D:6:      layout_rooms
D:7:      layout_loops_ring, mainiacjoe_overflow_six_doors_small, temple_pool_b,
          serial_shops, nicolae_shop_stone
D:8:      layout_basic, regret_index_temple_of_mockery,
          fedhas_bush_and_centaur_altar, gammafunk_temple_overflow_statue,
          lair_entry_dummy
D:9:      layout_cave_pools, nicolae_dithmenos_the_darkroom,
          nemelex_spade_bored_becter, serial_shops,
          nicolae_shop_advertising_works [nicolae_subvault_shop_adworks],
          roderic_batcave, hangedman_decor_opposing, uniq_erolcha
D:10:     minmay_four_partial_circles, layout_basic,
          grunt_temple_overflow_diamond, serial_corexii_hall,
          corexii_hall_statues_l, chequers_hall_statues_corner_a,
          lightli_fourway_metalbox, uniq_erica
D:11:     layout_loops_ring, hiddenorc2_lemuel
D:12:     layout_gridville, special_room [special_room_orc], serial_shops, shop
D:13:     gammafunk_cloud_chamber, layout_basic, corexii_checkpoint_b
D:14:     hangedman_cross_stitches, layout_loops_ring,
          grunt_vaults_entry_fortified, good_gods_mini_temple,
          portal_ice_cave_entry_pillars_three, uniq_roxanne
D:15:     gammafunk_enter_depths_forms, layout_rooms, small_statue_intersection,
          kennysheep_okawaru_gauntlet
Temple:   compressed_dpeg_circular_temple
Lair:1:   gammafunk_indiana_jones, layout_cellular_growth, disabler_island,
          uniq_amaemon
Lair:2:   layout_gridlike, minmay_swamp_entry_wisps, lemuel_fruit_tree
Lair:3:   layout_concentric_octagons, nicolae_spider_entry_lesser_pyramids
Lair:4:   layout_misc_corridors, slime_entry_1, grunt_megastairs_2
Lair:5:   guppyfry_lair_end_dragon, layout_long_grid,
          nicolae_lair_grazing_beasts [nicolae_sub_lair_graze_edge,
          nicolae_sub_lair_graze_edge, nicolae_sub_lair_graze_edge,
          nicolae_sub_lair_graze_edge]
Swamp:1:  layout_basic_swamp, ebering_ghost_funeral_grove,
          nicolae_swamp_feature_on_the_river_bank, swamp_pool1
Spider:1: layout_cave_pods
Spider:2: layout_spider_delve
Spider:3: nicolae_spider_hilbert_zone_6 [nicolae_spider_hilbert_4_sides_1_open,
          nicolae_spider_hilbert_4_sides_1_open,
          nicolae_spider_hilbert_4_sides_1_open,
          nicolae_spider_hilbert_4_sides_1_open,
          nicolae_spider_hilbert_4_sides_1_open,
          nicolae_spider_hilbert_4_sides_1_open,
          nicolae_spider_hilbert_4_sides_1_open]
Orc:1:    layout_caves, serial_shops, nicolae_shop_statue_plus, mines2_david
Orc:2:    st_orc_congregation, layout_caves, serial_shops,
          nicolae_shop_temple_entry_statues_fountains, uniq_snorg
Elf:1:    nicolae_elf_arrival_no_cutting_in_line, layout_gridlike,
          hangedman_elven_crosses_minicolossus, lemuel_statue_altar

Skill      XL: |  1  2  3  4  5  6  7  8  9 10 11 12 13 14 15 16 17 |
---------------+----------------------------------------------------+-----
Conjurations   | 2 3 4 6 7 8 11 12 | 12.0
Fighting       | 1 2 4 6 8 |  8.0
Translocations | 1 |  1.0
Summonings     | 2 3 |  3.0
Hexes          | 1 |  1.0
Spellcasting   | 4 5 6 7 9 10 | 10.0
Short Blades   | 1 4 5 7 8 |  8.0
Air Magic      | 1 5 6 8 9 10 15 19 21 | 21.1
Poison Magic   | 1 |  1.0
Evocations     | 3 4 |  4.0
Stealth        | 4 6 8 10 | 10.0
Invocations    | 6 8 9 11 14 | 14.5
Shields        | 2 3 |  3.3
Dodging        | |  2.1

Action                     |  1- 3 |  4- 6 |  7- 9 | 10-12 | 13-15 | 16-18 || total
---------------------------+-------+-------+-------+-------+-------+-------++-------
  Melee: Dagger            |     7 |    36 |    88 |   236 |   847 |   226 ||  1440
         Kick              |     2 |    12 |    45 |   100 |   367 |    91 ||   617
         Peck              |       |     8 |    21 |    66 |   232 |    61 ||   388
         Punch             |       |     1 |     3 |     2 |    11 |     5 ||    22
         Whip              |       |       |       |       |     1 |       ||     1
   Cast: Magic Dart        |    92 |   163 |   198 |   161 |   117 |    76 ||   807
         Call Imp          |       |    17 |    22 |     1 |     5 |       ||    45
         Mephitic Cloud    |       |     5 |    11 |    30 |    99 |    44 ||   189
         Blink             |       |     2 |     1 |     1 |     1 |    12 ||    17
         Slow              |       |     1 |    10 |       |       |       ||    11
         Hailstorm         |       |       |     4 |    12 |     3 |     4 ||    23
         Stone Arrow       |       |       |     9 |    78 |    24 |    15 ||   126
         Lightning Bolt    |       |       |       |     6 |   144 |    90 ||   240
         Vhi's Electric Ch |       |       |       |     1 |     2 |     9 ||    12
         Arcjolt           |       |       |       |       |       |    30 ||    30
         Swiftness         |       |       |       |       |       |     1 ||     1
 Invoke: Stomp             |       |       |       |    10 |    21 |     6 ||    37
         Line Pass         |       |       |       |     5 |     7 |     1 ||    13
         Grand Finale      |       |       |       |       |     4 |       ||     4
  Evoke: Wand              |       |       |     4 |    11 |    34 |    11 ||    60
         Box of beasts     |       |       |       |       |     1 |     2 ||     3
    Use: Scroll            |       |     7 |    10 |    11 |     6 |    14 ||    48
         Potion            |       |       |       |     1 |     3 |     9 ||    13
   Stab: Confused          |       |     1 |     4 |    14 |    57 |    18 ||    94
         Invisible         |       |       |     1 |       |       |     1 ||     2
         Paralysed         |       |       |       |    15 |    56 |    23 ||    94
         Petrified         |       |       |       |     2 |       |       ||     2
         Sleeping          |       |       |       |     5 |     1 |     1 ||     7
         Distracted        |       |       |       |       |     3 |     1 ||     4
 Armour: Robe              |       |    16 |    38 |    89 |   204 |    87 ||   434
  Dodge: Dodged            |     7 |    59 |    80 |   233 |   474 |   197 ||  1050
  Block: Buckler           |       |       |       |       |       |     6 ||     6

Table legend: (Time is in decaauts)
 A = Elapsed time spent in this place.
 B = Non-inter-level travel time spent in this place.
 C = Inter-level travel time spent in this place.
 D = Time resting spent in this place.
 E = Time spent auto-exploring this place.
 F = Levels seen in this place.
 G = Mean time per level.
                   A        B        C        D        E       F      G
               +--------+--------+--------+--------+--------+-----+--------+
         Total |  40069 |  37071 |   2998 |   8534 |  21105 |  29 | 1381.7 |
       Dungeon |  22942 |  21074 |   1868 |   3591 |  13820 |  15 | 1529.5 |
        Temple |    100 |     73 |     27 |      0 |     55 |   1 |  100.0 |
          Lair |   9648 |   8843 |    805 |   2610 |   4569 |   5 | 1929.6 |
         Swamp |     32 |     32 |      0 |      0 |     14 |   1 |   32.0 |
   Spider Nest |   4392 |   4174 |    218 |   1628 |   1534 |   3 | 1464.0 |
  Orcish Mines |   1648 |   1572 |     76 |    262 |    778 |   2 |  824.0 |
   Elven Halls |    218 |    218 |      0 |    127 |     21 |   1 |  218.0 |
      Ice Cave |   1087 |   1087 |      0 |    314 |    310 |   1 | 1087.0 |
               +--------+--------+--------+--------+--------+-----+--------+

Top non-repeatable levels by time:
  Lair:3: 2800 daAuts
Spider:2: 2543 daAuts
  Lair:2: 2181 daAuts
    D:10: 2124 daAuts
  Lair:5: 1935 daAuts
     D:9: 1866 daAuts
     D:7: 1852 daAuts
     D:2: 1836 daAuts
Spider:1: 1814 daAuts
     D:4: 1641 daAuts
     D:3: 1603 daAuts
    D:12: 1569 daAuts
    D:14: 1564 daAuts
  Lair:1: 1550 daAuts
     D:6: 1495 daAuts
